 Dungeon Crawl Stone Soup version 0.29.1 (webtiles) character file.

Game seed: 96462980240878103

498 Powertoast the Ruffian (level 6, -1/61 HPs)
             Began as a Troll Gladiator on Sept 13, 2022.
             Slain by Blork the orc
             ... wielding a +5 halberd of flaming
              (3 damage)
             ... on level 4 of the Dungeon.
             The game lasted 00:13:21 (3077 turns).

Powertoast the Ruffian (Troll Gladiator)            Turns: 3077, Time: 00:13:22

Health: -1/61      AC:  5    Str: 23    XL:     6   Next: 94%
Magic:  5/5        EV: 11    Int:  4    God:
Gold:   196        SH:  5    Dex: 19    Spells: 5/5 levels left

rFire   . . .      SeeInvis .   f - +6 mace of Intuition {freeze, rPois}
rCold   . . .      Faith    .   (no shield)
rNeg    . . .      Spirit   .   s - +2 robe "Vathreism" {rPois Dex+6 Stlth-}
rPois   +          Reflect  +   b - +0 hat
rElec   .          Harm     +   w - scarf {harm}
rCorr   .          Rampage  .   (gloves unavailable)
Will    .....                   (boots unavailable)
Stlth   +.........              l - amulet of reflection
HPRegen 1.00/turn               (no ring)
MPRegen 0.09/turn               (no ring)

@: no status effects
A: large, unfitting armour, claws 3, regeneration 1, shaggy fur 1, tough skin 1,
hooves 1, deformed body
a: no special abilities


You were on level 4 of the Dungeon.
You visited 1 branch of the dungeon, and saw 4 of its levels.

You collected 196 gold pieces.

Inventory:

Hand Weapons
 f - the +6 mace of Intuition (weapon) {freeze, rPois}
   (You found it on level 2 of the Dungeon)

   It freezes those it strikes, dealing additional cold damage.
   It can also slow down cold-blooded creatures.
   rPois:     It protects you from poison.
Missiles
 c - 3 throwing nets
 d - a large rock
 i - 15 poisoned darts (quivered)
 t - 3 boomerangs
 v - 3 silver boomerangs
Armour
 b - a +0 hat (worn)
 s - the +2 robe "Vathreism" (worn) {rPois Dex+6 Stlth-}
   (You acquired it on level 3 of the Dungeon)

   Dex:       It affects your dexterity (+6).
   rPois:     It protects you from poison.
   Stlth:     It makes you less stealthy.
 w - a scarf of harm (worn)
Jewellery
 a - a ring of ice
 g - an amulet of faith
 l - an amulet of reflection (around neck)
 m - a ring of fire
Scrolls
 j - 2 scrolls of brand weapon
 n - a scroll of amnesia
 p - a scroll of enchant weapon
 q - a scroll of vulnerability
 u - a scroll of magic mapping {unknown}
 x - a scroll of teleportation {unknown}
Potions
 e - 3 potions of heal wounds
 h - 2 potions of flight
 k - 2 potions of haste
 o - a potion of lignification
 r - 2 potions of brilliance


   Skills:
 + Level 3.3 Fighting
 * Level 3.7 Maces & Flails
 + Level 3.7 Throwing
 - Level 2.4 Dodging
 - Level 4.0 Unarmed Combat


You had 5 spell levels left.
You didn't know any spells.
Your spell library was empty.

Dungeon Overview and Level Annotations

Branches:
Dungeon (4/15)
 Temple: D:4-7

Altars:
Sif Muna

Shops:
D:4 :

Annotations:
D:4 Blork the orc


Innate Abilities, Weirdness & Mutations

You are too large for most types of armour.
You have claws for hands.
Your natural rate of healing is unusually fast.
You are covered in fur. (AC +1)
You have tough skin. (AC +1)
You have large cloven feet.
Armour fits poorly on your strangely shaped body.


Message History

Why would you want to do that?
Found a shimmering blue altar of Sif Muna.
You block Blork the orc's attack.
Throw: 18 darts (poison)
Press: ? - help, Q - select action, (/) - cycle Shift-Dir - straight line, f - Blork the orc
Aim: Blork the orc, wielding a +5 halberd of flaming and wearing a +0 robe (66% to hit)
You throw a poisoned dart. The poisoned dart hits Blork the orc.
Blork the orc hits you from afar with a +5 halberd of flaming!
Blork the orc burns you.
Throw: 17 darts (poison)
Press: ? - help, Q - select action, (/) - cycle Shift-Dir - straight line, f/p - Blork the orc
Aim: Blork the orc, wielding a +5 halberd of flaming and wearing a +0 robe (66% to hit)
You throw a poisoned dart. The poisoned dart hits Blork the orc.
Blork the orc is poisoned.
Throw: 16 darts (poison)
Press: ? - help, Q - select action, (/) - cycle Shift-Dir - straight line, f/p - Blork the orc
Aim: Blork the orc, wielding a +5 halberd of flaming and wearing a +0 robe (poisoned, 66% to hit)
You throw a poisoned dart.
The poisoned dart barely misses Blork the orc.
Blork the orc hits you from afar with a +5 halberd of flaming!
Blork the orc burns you.
* * * LOW HITPOINT WARNING * * *
Blork the orc points at you and mumbles some strange words.
The puff of flame hits you!
* * * LOW HITPOINT WARNING * * *
Blork the orc begins to cast a cantrip, but forgets the words!
Blork the orc gestures at you while chanting.
The puff of flame reflects off an invisible shield around you!
Unknown command.
Blork the orc is nearby!
Blork the orc looks more healthy.
Blork the orc looks encouraged for a moment.
Blork the orc gestures at you while chanting.
The puff of flame hits you.
* * * LOW HITPOINT WARNING * * *
You see here a poisoned dart.
Blork the orc hits you from afar with a +5 halberd of flaming!
* * * LOW HITPOINT WARNING * * *
Blork the orc burns you.
You die...

#..........#
... ###...>..##
##..##.####
#..##...#
#.###...#
#.###...###
###.......##
##.........##
#..@.≈≈≈....#
##.(.≈≈≈≈≈...##
#...≈≈o..≈≈...#
#...≈≈.>.≈≈...#
#...≈≈..(≈≈...#
##...≈≈≈≈≈...##
#....≈≈≈....#
##.........##
##.......##


You could see Blork the orc.

Vanquished Creatures
  A black bear (D:4)
  A scorpion (D:4)
  2 jellies (D:4)
  2 orc priests
  2 orc wizards
  3 gnolls (D:4)
  2 adders (D:4)
  2 worms
  2 dart slugs
  20 orcs
  7 ball pythons
  3 bats
  7 endoplasms
  7 giant cockroaches
  4 goblins
  12 hobgoblins
  11 jackals
  A quokka (D:1)
  5 frilled lizards
  3 kobolds
  10 rats
107 creatures vanquished.

Notes
Turn   | Place    | Note
-------+----------+-------------------------------------------
     0 | D:1      | Powertoast the Troll Gladiator began the quest for the Orb.
     0 | D:1      | Reached XP level 1. HP: 19/19 MP: 0/0
   146 | D:1      | Reached XP level 2. HP: 28/28 MP: 1/1
   452 | D:1      | Reached XP level 3. HP: 35/35 MP: 2/2
  1398 | D:2      | Found a shimmering blue altar of Sif Muna.
  1426 | D:2      | Gained mutation: Potions are less effective at restoring
                  | your health. [potion of mutation]
  1426 | D:2      | Gained mutation: Your mind is acute. (Int +4, Str/Dex -1)
                  | [potion of mutation]
  1426 | D:2      | Gained mutation: You have very sharp teeth. [potion of
                  | mutation]
  1427 | D:2      | Lost mutation: Potions are less effective at restoring your
                  | health. [potion of mutation]
  1427 | D:2      | Lost mutation: You have very sharp teeth. [potion of
                  | mutation]
  1427 | D:2      | Lost mutation: Your mind is acute. (Int +4, Str/Dex -1)
                  | [potion of mutation]
  1427 | D:2      | Gained mutation: Armour fits poorly on your strangely
                  | shaped body. [potion of mutation]
  1427 | D:2      | Gained mutation: You have large cloven feet. [potion of
                  | mutation]
  1445 | D:2      | Reached skill level 4 in Unarmed Combat
  1463 | D:2      | Identified the +6 mace of Intuition {freeze, rPois}
  1665 | D:2      | Reached XP level 4. HP: 42/42 MP: 3/3
  1871 | D:3      | Reached skill level 1 in Maces & Flails
  1997 | D:3      | Reached XP level 5. HP: 37/50 MP: 4/4
  2399 | D:3      | Identified a scroll of acquirement
  2400 | D:3      | Acquired the +2 robe "Vathreism" {rPois Dex+6 Stlth-}
  2737 | D:4      | Reached XP level 6. HP: 50/59 MP: 5/5
  2870 | D:4      | Found Quoloupn's Book Shoppe.
  3047 | D:4      | Noticed Blork the orc
  3053 | D:4      | Found a shimmering blue altar of Sif Muna.
  3077 | D:4      | HP: 2/61 [Blork the orc/+5 halberd of flaming (13)]
  3077 | D:4      | Slain by Blork the orc

Illustrated notes

Levels and vault maps discovered:
D:1:      erik_arrival_cave_to_civilisation [erik_arrival_cave_to_hall],
          layout_basic, serial_bayou_pond_e, minmay_crystal_water,
          kennysheep_boxes
D:2:      layout_basic, basic_altar, kennysheep_donut
D:3:      layout_basic
D:4:      layout_rooms, tgw_sif, serial_shops, nicolae_inconvenience_store,
          minmay_ruptured

Skill      XL: |  1  2  3  4  5  6 |
---------------+-------------------+-----
Throwing       | 2 3 |  3.7
Fighting       | 2 3 |  3.3
Unarmed Combat | 4 |  4.0
Maces & Flails | 1 2 3 |  3.7
Dodging        | |  2.4

Action                   |  1- 3 |  4- 6 || total
-------------------------+-------+-------++-------
Melee: Unarmed           |   103 |       ||   103
       Mace              |     5 |    95 ||   100
       Kick              |     2 |    22 ||    24
       Punch             |       |     1 ||     1
Throw: Dart              |       |     7 ||     7
  Use: Scroll            |     4 |     9 ||    13
       Potion            |     2 |       ||     2
 Stab: Sleeping          |     2 |       ||     2
Armor: Robe              |    31 |    22 ||    53
Dodge: Dodged            |    43 |    57 ||   100
Block: Other             |     4 |    24 ||    28
       Reflection        |       |     2 ||     2
